SA
BELLEVUE BRUINS @ CHICAGO TULA
07/12/2027
 
TOP OF THE 1ST
Bellevue Bruins batting - Pitching for Chicago Tula : RHP Santiago Ramírez
Pitching: RHP Santiago Ramírez
Batting: SHB Jorge Ayala 0-0: Called Strike
0-1: Bunt for hit - play at first, batter OUT! 1-3
Batting: RHB Ernesto Bea 0-0: Ball
1-0: Ball
2-0: Foul Ball, location: 2F
2-1: Foul Ball, location: 2F
2-2: Strikes out looking
Batting: RHB Alberto Lastaneda 0-0: Ground out 6-3 (Groundball, 56)
Top of the 1st over - 0 run(s), 0 hit(s), 0 error(s), 0 left on base; Bellevue 0 - Chicago 0
BOTTOM OF THE 1ST
Chicago Tula batting - Pitching for Bellevue Bruins : RHP Loren Berdine
Pitching: RHP Loren Berdine
Batting: RHB Micheal Lovell 0-0: Ball
1-0: Called Strike
1-1: Ground out 4-3 (Groundball, 34)
Batting: RHB José Palácios 0-0: Ball
1-0: Swinging Strike
1-1: Ball
2-1: Ball
3-1: Base on Balls
Batting: LHB Ángel Pineda 0-0: Ball
José Palácios is caught stealing 2nd base
1-0: SINGLE (Line Drive, 34)
Batting: SHB Eustacio Tafalla 0-0: Ball
1-0: Fly out, F7 (Flyball, 7S)
Bottom of the 1st over - 0 run(s), 1 hit(s), 0 error(s), 1 left on base; Bellevue 0 - Chicago 0
TOP OF THE 2ND
Bellevue Bruins batting - Pitching for Chicago Tula : RHP Santiago Ramírez
Batting: LHB Lorenzo Díaz 0-0: Swinging Strike
0-1: Ball
1-1: Foul Ball, location: 2F
1-2: Ball
2-2: Strikes out swinging
Batting: RHB Miguel Elías 0-0: Foul Ball, location: 2F
0-1: Ball
1-1: Ball
2-1: SINGLE (Groundball, 6D)
Batting: LHB Phil Minor 0-0: Ball
1-0: Ball
2-0: Called Strike
2-1: Ball
3-1: Called Strike
3-2: Base on Balls
Miguel Elías to second
Batting: LHB David Muller 0-0: Called Strike
0-1: Called Strike
0-2: Ball
1-2: Strikes out swinging
Batting: RHB Carlos Cruz 0-0: Ball
1-0: Ball
2-0: Called Strike
2-1: Fly out, F9 (Flyball, 89M)
Top of the 2nd over - 0 run(s), 1 hit(s), 0 error(s), 2 left on base; Bellevue 0 - Chicago 0
BOTTOM OF THE 2ND
Chicago Tula batting - Pitching for Bellevue Bruins : RHP Loren Berdine
Batting: RHB Zahid Kashani 0-0: Called Strike
0-1: Ground out 5-3 (Groundball, 56S)
Batting: RHB Alfonso Morín 0-0: Called Strike
0-1: Fly out, F7 (Flyball, 78S)
Batting: RHB Carlos Rúbio 0-0: Called Strike
0-1: Called Strike
0-2: Ball
1-2: Strikes out swinging
Bottom of the 2nd over - 0 run(s), 0 hit(s), 0 error(s), 0 left on base; Bellevue 0 - Chicago 0
TOP OF THE 3RD
Bellevue Bruins batting - Pitching for Chicago Tula : RHP Santiago Ramírez
Batting: LHB Juan Romero 0-0: Ball
1-0: Bunt for hit - play at first, batter OUT! 1-3
Batting: SHB Jorge Ayala 0-0: Ball
1-0: Ball
2-0: Called Strike
2-1: Swinging Strike
2-2: Foul Ball, location: 2F
2-2: Strikes out swinging, 2-3 out at first.
Batting: RHB Ernesto Bea 0-0: SINGLE (Line Drive, 6M)
Batting: RHB Alberto Lastaneda 0-0: Fielders Choice at 2nd, U4 (Groundball, 4M)
Top of the 3rd over - 0 run(s), 1 hit(s), 0 error(s), 1 left on base; Bellevue 0 - Chicago 0
BOTTOM OF THE 3RD
Chicago Tula batting - Pitching for Bellevue Bruins : RHP Loren Berdine
Batting: RHB Rubén Arce 0-0: Ground out 5-3 (Groundball, 5)
Batting: RHB Rand McNally 0-0: Foul Ball, location: 2F
0-1: Ball
1-1: SOLO HOME RUN (Flyball, 8LXD), Distance : 434 ft
Batting: RHB Micheal Lovell 0-0: SINGLE (Groundball, 6MD)
Batting: RHB José Palácios Pickoff Throw to First - Error! E1
Micheal Lovell to second
0-0: Foul Ball, location: 2F
0-1: Ball
1-1: Ball
2-1: Foul Ball, location: 2F
2-2: Ball
3-2: Base on Balls
Batting: LHB Ángel Pineda 0-0: Called Strike
0-1: SINGLE (Groundball, 4D)
Micheal Lovell to third
José Palácios to second
Batting: SHB Eustacio Tafalla 0-0: SINGLE (Line Drive, 4MD)
Micheal Lovell scores
José Palácios to third
Ángel Pineda to second
Runner from 3rd tries for Home, SAFE, throw made at trailing runner, OUT at third!
Batting: RHB Zahid Kashani 0-0: Swinging Strike
0-1: Foul Ball, location: 2F
0-2: Ball
1-2: Foul Ball, location: 2F
1-2: Ground out 5-3 (Groundball, 56)
Bottom of the 3rd over - 3 run(s), 4 hit(s), 1 error(s), 1 left on base; Bellevue 0 - Chicago 3
TOP OF THE 4TH
Bellevue Bruins batting - Pitching for Chicago Tula : RHP Santiago Ramírez
Batting: LHB Lorenzo Díaz 0-0: Ground out 6-3 (Groundball, 6M)
Batting: RHB Miguel Elías 0-0: Swinging Strike
0-1: Called Strike
0-2: Ground out 4-3 (Groundball, 4)
Batting: LHB Phil Minor 0-0: Ball
1-0: Fly out, F8 (Flyball, 8RM)
Top of the 4th over - 0 run(s), 0 hit(s), 0 error(s), 0 left on base; Bellevue 0 - Chicago 3
BOTTOM OF THE 4TH
Chicago Tula batting - Pitching for Bellevue Bruins : RHP Loren Berdine
Batting: RHB Alfonso Morín 0-0: Called Strike
0-1: Called Strike
0-2: Foul Ball, location: 2F
0-2: Ball
1-2: Foul Ball, location: 2F
1-2: Foul Ball, location: 2F
1-2: Foul Ball, location: 2F
1-2: Ball
2-2: Ball
3-2: Base on Balls
Batting: RHB Carlos Rúbio 0-0: Fly out, F7 (Flyball, 78M)
Batting: RHB Rubén Arce 0-0: Foul Ball, location: 2F
0-1: Ball
1-1: Ball
2-1: Ball
3-1: Base on Balls
Alfonso Morín to second
Batting: RHB Rand McNally 0-0: Called Strike
0-1: Foul Ball, location: 2F
0-2: SINGLE (Groundball, 56D)
Alfonso Morín to third
Rubén Arce to second
Runner from 3rd tries for Home, SAFE, no throw
Batting: RHB Micheal Lovell 0-0: Foul Ball, location: 2F
0-1: Fly out, F5 (Line Drive, 5)
Batting: RHB José Palácios 0-0: Called Strike
0-1: DOUBLE (Groundball, 5L)
Rubén Arce scores
Rand McNally to third
Batting: LHB Ángel Pineda 0-0: Called Strike
0-1: Foul Ball, location: 2F
0-2: Ball
1-2: Foul Ball, location: 2F
1-2: SINGLE (Line Drive, 9LS)
Rand McNally scores
José Palácios to third
Batting: SHB Eustacio Tafalla 0-0: Called Strike
0-1: Swinging Strike
0-2: Ball
1-2: Strikes out swinging
Bottom of the 4th over - 3 run(s), 3 hit(s), 0 error(s), 2 left on base; Bellevue 0 - Chicago 6
TOP OF THE 5TH
Bellevue Bruins batting - Pitching for Chicago Tula : RHP Santiago Ramírez
Batting: LHB David Muller 0-0: Called Strike
0-1: Ground out 4-3 (Groundball, 4S)
Batting: RHB Carlos Cruz 0-0: Fly out, F4 (Flyball, 34D)
Batting: LHB Juan Romero 0-0: Ground out 5-3 (Groundball, 56S)
Top of the 5th over - 0 run(s), 0 hit(s), 0 error(s), 0 left on base; Bellevue 0 - Chicago 6
BOTTOM OF THE 5TH
Chicago Tula batting - Pitching for Bellevue Bruins : RHP Loren Berdine
Pitching: RHP George Brotzman
Batting: RHB Zahid Kashani 0-0: Fly out, F8 (Flyball, 8RD)
Batting: RHB Alfonso Morín 0-0: Ball
1-0: Called Strike
1-1: Ground out 5-3 (Groundball, 5S)
Batting: RHB Carlos Rúbio 0-0: Foul Ball, location: 2F
0-1: Ball
1-1: Ball
2-1: Ball
3-1: Fly out, F9 (Flyball, 89M)
Bottom of the 5th over - 0 run(s), 0 hit(s), 0 error(s), 0 left on base; Bellevue 0 - Chicago 6
TOP OF THE 6TH
Bellevue Bruins batting - Pitching for Chicago Tula : RHP Santiago Ramírez
Batting: SHB Jorge Ayala 0-0: Ball
1-0: Fly out, F7 (Line Drive, 7)
Batting: RHB Ernesto Bea 0-0: Foul Ball, location: 2F
0-1: Called Strike
0-2: Ball
1-2: Ball
2-2: Foul Ball, location: 2F
2-2: Ball
3-2: Foul Ball, location: 2F
3-2: Base on Balls
Batting: RHB Alberto Lastaneda 0-0: Called Strike
0-1: Grounds into double play, 4-6-3 (Groundball, 4)
Top of the 6th over - 0 run(s), 0 hit(s), 0 error(s), 0 left on base; Bellevue 0 - Chicago 6
BOTTOM OF THE 6TH
Chicago Tula batting - Pitching for Bellevue Bruins : RHP George Brotzman
Batting: RHB Rubén Arce 0-0: Ball
1-0: SINGLE (Groundball, 56) (infield hit)
Batting: RHB Rand McNally 0-0: Ball
1-0: Ball
Wild Pitch!
Rubén Arce to second
2-0: Ball
3-0: Called Strike
3-1: SINGLE (Flyball, 89S) - OUT at second base trying to stretch hit.
Rubén Arce scores
Batting: RHB Micheal Lovell 0-0: Called Strike
0-1: Called Strike
0-2: Ball
1-2: Ball
2-2: SINGLE (Groundball, 34D)
Batting: RHB José Palácios 0-0: Ball
1-0: SINGLE (Groundball, 56S) (infield hit)
Micheal Lovell to second
Batting: LHB Ángel Pineda 0-0: Called Strike
0-1: Hit by Pitch
Micheal Lovell to third
José Palácios to second
Batting: SHB Eustacio Tafalla 0-0: Called Strike
0-1: Foul Ball, location: 2F
0-2: Strikes out swinging
Batting: RHB Zahid Kashani 0-0: Called Strike
0-1: Ball
Wild Pitch!
Micheal Lovell scores
José Palácios to third
Ángel Pineda to second
1-1: Called Strike
1-2: Foul Ball, location: 2F
1-2: Ball
2-2: Ball
3-2: SINGLE (Groundball, 56D)
José Palácios scores
Ángel Pineda to third
Ángel Pineda scores
Pitching: RHP Claudio Mateo
Batting: RHB Alfonso Morín 0-0: Fielders Choice at 2nd, 6-4 (Groundball, 6)
Bottom of the 6th over - 4 run(s), 5 hit(s), 0 error(s), 0 left on base; Bellevue 0 - Chicago 10
TOP OF THE 7TH
Bellevue Bruins batting - Pitching for Chicago Tula : RHP Santiago Ramírez
Batting: LHB Lorenzo Díaz 0-0: Called Strike
0-1: Ball
1-1: Called Strike
1-2: Ball
2-2: Strikes out swinging, 2-3 out at first.
Batting: RHB Miguel Elías 0-0: Ball
1-0: Foul Ball, location: 2F
1-1: Foul Ball, location: 2F
1-2: Strikes out swinging
Batting: LHB Phil Minor 0-0: Ball
1-0: Called Strike
1-1: Foul Ball, location: 2F
1-2: Ground out U3 (Groundball, 34)
Top of the 7th over - 0 run(s), 0 hit(s), 0 error(s), 0 left on base; Bellevue 0 - Chicago 10
BOTTOM OF THE 7TH
Chicago Tula batting - Pitching for Bellevue Bruins : RHP Claudio Mateo
Batting: RHB Carlos Rúbio 0-0: Swinging Strike
0-1: Fly out, F6 (Line Drive, 6)
Batting: RHB Rubén Arce 0-0: Ball
1-0: SINGLE (Line Drive, 56D)
Batting: RHB Rand McNally 0-0: Swinging Strike
0-1: Fly out, F6 (Popup, 6D)
Batting: RHB Micheal Lovell
Pinch Hitting: RHB Sisay Jitu 0-0: Foul Ball, location: 2F
0-1: Swinging Strike
0-2: Strikes out swinging
Bottom of the 7th over - 0 run(s), 1 hit(s), 0 error(s), 1 left on base; Bellevue 0 - Chicago 10
TOP OF THE 8TH
Bellevue Bruins batting - Pitching for Chicago Tula : RHP Santiago Ramírez
Now at 3B: Edgar Baeza
Now in CF: Dani Durán
Batting: LHB David Muller 0-0: Ground out 4-3 (Groundball, 4)
Batting: RHB Carlos Cruz 0-0: Fly out, F9 (Flyball, 9LM)
Batting: LHB Juan Romero 0-0: Foul Ball, location: 2F
0-1: Ball
1-1: Swinging Strike
1-2: Ball
2-2: Fly out, F8 (Flyball, 8RS)
Top of the 8th over - 0 run(s), 0 hit(s), 0 error(s), 0 left on base; Bellevue 0 - Chicago 10
BOTTOM OF THE 8TH
Chicago Tula batting - Pitching for Bellevue Bruins : RHP Claudio Mateo
Batting: RHB José Palácios 0-0: Called Strike
0-1: Called Strike
0-2: Ball
1-2: DOUBLE (Flyball, 8LD)
Batting: LHB Ángel Pineda 0-0: Fly out, F9 (Flyball, 89S)
Batting: SHB Eustacio Tafalla 0-0: Ball
1-0: Swinging Strike
1-1: Foul Ball, location: 2F
1-2: Ground out U3 (Groundball, 3L)
José Palácios to third
Batting: RHB Zahid Kashani 0-0: Ground out 6-3 (Groundball, 6)
Bottom of the 8th over - 0 run(s), 1 hit(s), 0 error(s), 1 left on base; Bellevue 0 - Chicago 10
TOP OF THE 9TH
Bellevue Bruins batting - Pitching for Chicago Tula : RHP Santiago Ramírez
Now in RF: Marcus Larson
Batting: SHB Jorge Ayala 0-0: Ball
1-0: Foul Ball, location: 2F
1-1: SINGLE (Line Drive, 8LS)
Batting: RHB Ernesto Bea 0-0: Called Strike
0-1: Ball
1-1: Fly out, F9 (Flyball, 9S)
Batting: RHB Alberto Lastaneda
Pinch Hitting: LHB Jim Unknown 0-0: Swinging Strike
0-1: Ball
1-1: Ball
2-1: Foul Ball, location: 2F
2-2: SINGLE (Flyball, 6MD)
Jorge Ayala to second
Pitching: RHP Joseph Chartier
Pinch Hitting: RHB Sancho Tornero 0-0: Called Strike
0-1: Ball
1-1: Ball
2-1: Called Strike
2-2: Strikes out swinging
Batting: RHB Miguel Elías 0-0: Ball
1-0: Ball
2-0: Called Strike
2-1: Swinging Strike
2-2: Ball
3-2: Foul Ball, location: 2F
3-2: Fly out, F8 (Flyball, 8RD)
Top of the 9th over - 0 run(s), 2 hit(s), 0 error(s), 2 left on base; Bellevue 0 - Chicago 10
Saturday, May 26th, 2018 - OOTP Baseball 17.12 Build 75